 Dungeon Crawl Stone Soup version 0.29-a0-275-g389c0b56f3 (webtiles) character file.

Game seed: 530265307480358160

7526 IdlyInterested the Nimble (level 10, -4/71 HPs)
             Began as a Demonspawn Gladiator on Mar 11, 2022.
             Slain by a shadow (28 damage)
             ... on level 10 of the Dungeon.
             The game lasted 00:45:33 (12879 turns).

IdlyInterested the Nimble (Demonspawn Gladiator)   Turns: 12879, Time: 00:45:33

Health: -4/71      AC: 16    Str: 14    XL:     10   Next: 95%
Magic:  20/20      EV: 19    Int: 14    God:
Gold:   632        SH:  0    Dex: 15    Spells: 26/26 levels left

rFire   . . .      SeeInvis .   z - +2 dagger (speed)
rCold   . . .      Faith    .   (no shield)
rNeg    . . .      Spirit   .   H - +0 acid dragon scales
rPois   .          Reflect  .   c - +0 helmet
rElec   .          Harm     .   (no cloak)
rCorr   +          Rampage  .   u - +0 pair of gloves
Will    .....                   E - +0 pair of boots
Stlth   ++........              (no amulet)
HPRegen 0.21/turn               j - +4 ring of protection
MPRegen 0.17/turn               L - +4 ring of evasion

@: no status effects
A: molten scales 1, demonic guardian 1, ignite blood 2, weakness stinger 2, low
MP 1
a: no special abilities


You were on level 10 of the Dungeon.
You visited 2 branches of the dungeon, and saw 11 of its levels.
You also visited: Ossuary.

You collected 632 gold pieces.

Inventory:

Hand Weapons
 a - a +0 rapier
 m - the +0 whip of Wondrous Power {drain, rElec}
   (You found it on level 2 of the Dungeon)

   A truly terrible weapon, it drains the life of any living foe it strikes.
   rElec:     It insulates you from electricity.
 o - a +0 dagger of venom
 w - a +0 rapier
 z - a +2 dagger of speed (weapon)
 F - a +0 quick blade
 M - the +1 long sword of Zuigaela {freeze, rC+}
   (You found it on level 8 of the Dungeon)

   It freezes those it strikes, dealing additional cold damage.
   It can also slow down cold-blooded creatures.
   rC:        It protects you from cold.
 S - a +0 rapier
Missiles
 d - 4 throwing nets
 g - 183 stones
 r - 81 poisoned darts (quivered)
 C - 5 curare-tipped darts
 J - a javelin
 N - a boomerang of dispersal
 Q - 5 boomerangs
Armour
 c - a +0 helmet (worn)
 e - a +0 plate armour
 h - a +0 chain mail
 u - a +0 pair of gloves (worn)
 D - a +0 ring mail of willpower
 E - a +0 pair of boots (worn)
 H - +0 acid dragon scales (worn)
Magical Staves
 A - a staff of death
Jewellery
 j - a +4 ring of protection (left hand)
 p - a ring of poison resistance
 L - a +4 ring of evasion (right hand)
 O - a ring of wizardry
 T - a ring of protection from fire
Wands
 s - a wand of acid (10)
 y - a wand of polymorph (10)
 G - a wand of iceblast (7)
 I - a wand of mindburst (35)
 P - a wand of flame (12)
Scrolls
 n - 2 scrolls of enchant weapon
 B - 5 scrolls of teleportation
 K - a scroll of identify
Potions
 b - a potion of cancellation
 f - a potion of attraction
 i - 2 potions of flight
 k - 3 potions of haste
 l - 4 potions of brilliance
 q - 2 potions of might
 t - 2 potions of curing
 v - 3 potions of resistance
 x - 2 potions of magic
 R - a potion of berserk rage


   Skills:
 - Level 4.0 Fighting
 + Level 6.6 Short Blades
 - Level 3.0 Throwing
 - Level 3.0 Armour
 * Level 9.0 Dodging
 * Level 3.0 Stealth
 - Level 3.0 Shields
 * Level 8.7 Spellcasting
 - Level 3.0 Evocations


You had 26 spell levels left.
You didn't know any spells.
Your spell library contained the following spells:

 Spells                   Type           Power      Damage    Failure   Level
 Freeze                   Ice            24%        1d5       17%         1
 Blink                    Tloc           12%        N/A       26%         2
 Sublimation of Blood     Necr           6%         N/A       26%         2
 Frozen Ramparts          Ice            12%        1d3       45%         3
 Gell's Gravitas          Tloc           6%         N/A       45%         3
 Lesser Beckoning         Tloc           6%         N/A       45%         3
 Teleport Other           Tloc           6%         N/A       45%         3
 Hailstorm                Conj/Ice       6%         3d4       86%         4
 Petrify                  Tmut/Erth      6%         N/A       86%         4
 Blade Hands              Tmut           3%         N/A       99%         5
 Irradiate                Conj/Tmut      3%         3d14      99%         5
 Manifold Assault         Tloc           6%         N/A       99%         5
 Dragon Form              Tmut           3%         N/A       100%        7
 Chain Lightning          Conj/Air       3%         3d4       100%        9
 Fire Storm               Conj/Fire      3%         8d1       100%        9
 Shatter                  Erth           3%         3d7*      100%        9


Dungeon Overview and Level Annotations

Branches:
Dungeon (10/15)            Temple (1/1) D:4            Lair (0/6) D:10
Ossuary (visited)
    Orc: D:9-12

Altars:
Ashenzari
Cheibriados
Dithmenos
Elyvilon
Fedhas
Gozag
Hepliaklqana
Kikubaaqudgha
Makhleb
Nemelex Xobeh
Okawaru
Qazlal
Ru
Sif Muna
Trog
Uskayaw
Vehumet
Wu Jian
Xom
Yredelemnul
Zin
The Shining One
Beogh

Shops:
D:3 !


Innate Abilities, Weirdness & Mutations

You are partially covered in molten scales. (AC +2)
A weak demonic guardian rushes to your aid.
Your demonic aura often causes spilled blood to erupt in flames.
You have a tail ending in a sharp stinger.
Your magical capacity is low. (-10% MP)


Message History

The shadow is moderately damaged.
You closely miss the shadow.
The shadow is moderately damaged.
The shadow closely misses you.
You barely miss the shadow.
The shadow is moderately damaged.
You closely miss the shadow.
The shadow is moderately damaged.
The shadow slips into darkness.
The shadow flickers and vanishes!
Deactivating autopickup; reactivate with Ctrl-A.
You completely miss something. You hit something but do no damage.
The shadow strikes at you from the darkness!
Reactivating autopickup.
You hit the shadow.
The shadow is heavily damaged.
You hit the shadow but do no damage.
The shadow is heavily damaged.
The shadow hits you.
You hit the shadow but do no damage.
The shadow is heavily damaged.
You hit the shadow but do no damage. You tail-slap the shadow.
The shadow is heavily damaged.
You hit the shadow.
The shadow is severely damaged.
The shadow misses you.
You hit the shadow but do no damage.
You tail-slap the shadow, but do no damage.
The shadow is severely damaged.
You closely miss the shadow.
The shadow is severely damaged.
The shadow slips into darkness.
The shadow flickers and vanishes!
Deactivating autopickup; reactivate with Ctrl-A.
You hit something but do no damage. You hit something but do no damage.
Your tail-slap misses something.
You hit something but do no damage.
The shadow strikes at you from the darkness!
You die...

#.....^............# #
#..................#
#..................###########
#...............[.............
#.............................
#.......... ..................
#.###########.................
#.............{...............
#............@................
#.###########..#######........
#.###########..#######..######
#.............................
#.............................
#....................>........
#.################............
#.# #............ #.#
#............


There were no monsters in sight!

Vanquished Creatures
  Snorg (D:10)
  Pikel (D:7)
  A cyclops (D:6)
  The ghost of mcwallace the Skirmisher, a novice DsFi (D:6)
  A kobold demonologist (D:6)
  A hornet (D:9)
  Prince Ribbit (D:6)
  3 yaks (D:8)
  A wraith (D:8)
  A wyvern (D:8)
  2 vampire mosquitoes (D:10)
  2 wargs (D:10)
  An acid dragon (D:8)
  5 orc warriors
  2 sky beasts
  An ice beast (D:5)
  A black bear (D:5)
  An ogre (D:5)
  A centaur (D:9)
  2 phantoms
  An elf zombie (Ossuary)
  13 kobold brigands
  2 bullfrogs
  A necrophage (D:5)
  A scorpion (D:4)
  3 howler monkeys
  2 centaur zombies (Ossuary)
  4 hounds
  2 jellies
  3 gnoll shamans
  7 orc priests
  Natasha (thrice) (D:2)
  4 orc wizards
  4 iguanas
  3 mummies
  10 adders
  13 gnolls
  2 shadow imps
  4 white imps
  An adder zombie (Ossuary)
  6 dart slugs
  34 orcs
  9 ball pythons
  6 bats
  8 endoplasms
  4 giant cockroaches
  4 hobgoblins (D:1)
  8 jackals
  4 quokkas
  5 frilled lizards
  8 goblins
  4 goblin zombies (Ossuary)
  11 hobgoblin zombies
  A jackal zombie (Ossuary)
  20 kobolds
  7 kobold zombies (Ossuary)
  9 orc zombies
  5 rats
  2 rat zombies (Ossuary)
268 creatures vanquished.

Vanquished Creatures (collateral kills)
  A gnoll (D:7)
1 creature vanquished.

Vanquished Creatures (others)
  3 fungi (D:6)
  3 plants
6 creatures vanquished.

Grand Total: 275 creatures vanquished

Notes
Turn   | Place    | Note
-------+----------+-------------------------------------------
     0 | D:1      | IdlyInterested the Demonspawn Gladiator began the quest for
                  | the Orb.
     0 | D:1      | Reached XP level 1. HP: 16/16 MP: 1/1
    48 | D:1      | Gained mutation: You are partially covered in molten
                  | scales. (AC +2) [demonic ancestry]
    48 | D:1      | Reached XP level 2. HP: 14/22 MP: 1/3
   295 | D:1      | Reached skill level 1 in Armour
   352 | D:1      | Reached skill level 1 in Spellcasting
   357 | D:1      | Reached skill level 3 in Dodging
   656 | D:1      | Reached XP level 3. HP: 27/27 MP: 4/4
  1107 | D:2      | Found a sacrificial altar of Ru.
  1166 | D:2      | Noticed Natasha
  1178 | D:2      | Killed Natasha
  1179 | D:2      | Reached skill level 1 in Stealth
  1283 | D:2      | Identified the +0 whip of Wondrous Power {drain, rElec}
  1394 | D:2      | Gained mutation: Your demonic aura sometimes causes spilled
                  | blood to erupt in flames. [demonic ancestry]
  1394 | D:2      | Reached XP level 4. HP: 33/33 MP: 6/6
  1746 | D:2      | Noticed Natasha
  1754 | D:2      | Killed Natasha
  1989 | D:2      | Noticed Natasha
  1998 | D:2      | Killed Natasha
  1999 | D:2      | Reached XP level 5. HP: 38/38 MP: 8/8
  2698 | D:3      | Found Vetibarr's Distillery.
  2911 | D:3      | Found Dowybb's Distillery.
  3168 | D:4      | Reached skill level 4 in Dodging
  3168 | D:4      | Gained mutation: You have a small tail. [demonic ancestry]
  3168 | D:4      | Reached XP level 6. HP: 27/44 MP: 10/10
  3721 | D:4      | Found a staircase to the Ecumenical Temple.
  3733 | Temple   | Entered the Ecumenical Temple
  4377 | D:5      | Entered Level 5 of the Dungeon
  4688 | D:5      | Reached XP level 7. HP: 38/50 MP: 12/12
  5100 | D:5      | Reached skill level 1 in Evocations
  5141 | D:5      | Reached skill level 5 in Dodging
  5646 | D:5      | Gained mutation: You have a tail ending in a sharp stinger.
                  | [demonic ancestry]
  5646 | D:5      | Reached XP level 8. HP: 40/56 MP: 13/15
  6089 | D:6      | Reached skill level 5 in Spellcasting
  6400 | D:6      | Gained mutation: You are frail. (-10% HP) [potion of
                  | mutation]
  6400 | D:6      | Gained mutation: You do not regenerate when monsters are
                  | visible. [potion of mutation]
  6401 | D:6      | Lost mutation: You do not regenerate when monsters are
                  | visible. [potion of mutation]
  6401 | D:6      | Lost mutation: You are frail. (-10% HP) [potion of
                  | mutation]
  6401 | D:6      | Gained mutation: Your magical capacity is low. (-10% MP)
                  | [potion of mutation]
  6463 | D:6      | Noticed Prince Ribbit
  6480 | D:6      | Killed Prince Ribbit
  6481 | D:6      | Reached skill level 6 in Dodging
  6701 | D:6      | Found a runed translucent gate.
  6701 | D:6      | Found a runed translucent gate.
  6702 | D:6      | Noticed a kobold demonologist
  6704 | D:6      | Found a runed translucent gate.
  6704 | D:6      | Noticed mcwallace's ghost (novice DsFi)
  6866 | D:6      | Found a burning altar of Makhleb.
  6867 | D:6      | Noticed a cyclops
  6882 | D:6      | Found a shimmering blue altar of Sif Muna.
  6885 | D:6      | HP: 1/58 [cyclops/large rock (14)]
  6888 | D:6      | Killed a cyclops
  7410 | D:6      | Noticed a hellwing
  7427 | D:6      | Killed a kobold demonologist
  7428 | D:6      | Reached skill level 5 in Short Blades
  7428 | D:6      | Gained mutation: Your demonic aura often causes spilled
                  | blood to erupt in flames. [demonic ancestry]
  7428 | D:6      | Reached XP level 9. HP: 61/63 MP: 16/16
  7450 | D:6      | Killed mcwallace's ghost
  7451 | D:6      | Reached skill level 7 in Dodging
  7737 | D:7      | Noticed Pikel
  7753 | D:7      | Killed Pikel
  7793 | D:7      | Found a sand-covered staircase.
  7812 | Ossuary  | Entered an ossuary
  8107 | Ossuary  | Gained mutation: A weak demonic guardian rushes to your
                  | aid. [demonic ancestry]
  8107 | Ossuary  | Reached XP level 10. HP: 64/70 MP: 19/19
  8993 | D:7      | Reached skill level 1 in Shields
  9392 | D:8      | Reached skill level 8 in Dodging
 10143 | D:8      | Identified the +1 long sword of Zuigaela {freeze, rC+}
 10785 | D:9      | Paralysed by a hornet for 1 turns
 11604 | D:10     | Entered Level 10 of the Dungeon
 11633 | D:10     | Found a staircase to the Lair.
 12283 | D:10     | Noticed Snorg
 12305 | D:10     | HP: 3/71 [Snorg (3)]
 12306 | D:10     | Killed Snorg
 12307 | D:10     | Reached skill level 9 in Dodging
 12879 | D:10     | Slain by a shadow

Illustrated notes

Levels and vault maps discovered:
D:1:      mainiacjoe_arrival_reflecting_pool, layout_basic
D:2:      layout_loops_ring, basic_altar, uniq_natasha
D:3:      layout_basic, serial_shops, nicolae_square_shop, shop
D:4:      layout_loops_ring, minmay_temple_entry_antechambers
D:5:      layout_loops_ring
D:6:      layout_basic, amethyst_overflow_temple_binary,
          gammafunk_ghost_nasty_kobolds, nicolae_concentric_dashed_squares_mild,
          uniq_prince_ribbit1
D:7:      layout_cave_pods, nicolae_ossuary_entry_giza, minmay_misc_feat_roman,
          hangedman_decor_lopped, grunt_decor_junction, roderic_lattice_a,
          uniq_pikel
D:8:      layout_loops_ring
D:9:      layout_gridville, special_room [special_room_orc]
D:10:     layout_long_grid, erik_lair_orcish_takeover, kennysheep_doodads, pond,
          uniq_snorg
Temple:   mainiacjoe_temple_cubbyholes

Skill      XL: |  1  2  3  4  5  6  7  8  9 10 |
---------------+-------------------------------+-----
Armour         | 1 2 3 |  3.0
Spellcasting   | 1 2 3 4 6 7 8 |  8.7
Dodging        | 3 4 5 6 7 9 |  9.0
Stealth        | 1 2 3 |  3.0
Short Blades   | 3 4 5 6 |  6.6
Throwing       | 2 3 |  3.0
Evocations     | 2 3 |  3.0
Fighting       | 3 4 |  4.0
Shields        | 3 |  3.0

Action                   |  1- 3 |  4- 6 |  7- 9 | 10-12 || total
-------------------------+-------+-------+-------+-------++-------
Melee: Rapier            |    66 |       |   125 |     2 ||   193
       Dagger            |    54 |   288 |   286 |   537 ||  1165
       Punch             |     3 |       |    11 |    13 ||    27
       Tailslap          |       |    17 |    73 |   101 ||   191
Throw: Stone             |     1 |    24 |     4 |     5 ||    34
       Dart              |       |    12 |    18 |    22 ||    52
       Javelin           |       |       |       |     1 ||     1
       Throwing net      |       |       |       |     1 ||     1
Evoke: Wand              |       |       |     3 |     3 ||     6
  Use: Scroll            |     2 |     7 |     7 |     3 ||    19
       Potion            |     2 |     1 |     3 |     4 ||    10
 Stab: Sleeping          |     1 |       |     1 |     1 ||     3
       Distracted        |       |       |       |     1 ||     1
Armor: Leather armour    |    17 |       |       |       ||    17
       Ring mail         |    28 |    61 |   131 |    25 ||   245
       Scale mail        |       |    28 |       |       ||    28
       Chain mail        |       |    24 |     7 |       ||    31
       Acid dragon scale |       |       |       |   114 ||   114
Dodge: Dodged            |    64 |    99 |   210 |   373 ||   746

Table legend: (Time is in decaauts)
 A = Elapsed time spent in this place.
 B = Non-inter-level travel time spent in this place.
 C = Inter-level travel time spent in this place.
 D = Time resting spent in this place.
 E = Time spent auto-exploring this place.
 F = Levels seen in this place.
 G = Mean time per level.
                   A        B        C        D        E       F      G
               +--------+--------+--------+--------+--------+-----+--------+
         Total |  12549 |  12209 |    340 |   2702 |   6758 |  12 | 1045.8 |
       Dungeon |  11888 |  11600 |    288 |   2642 |   6451 |  10 | 1188.8 |
        Temple |    342 |    290 |     52 |      0 |    286 |   1 |  342.0 |
       Ossuary |    318 |    318 |      0 |     60 |     21 |   1 |  318.0 |
               +--------+--------+--------+--------+--------+-----+--------+

Top non-repeatable levels by time:
     D:5: 1649 daAuts
     D:6: 1612 daAuts
     D:7: 1271 daAuts
    D:10: 1205 daAuts
     D:9: 1174 daAuts
     D:1: 1101 daAuts
     D:8: 999 daAuts
     D:4: 969 daAuts
     D:3: 968 daAuts
     D:2: 935 daAuts
  Temple: 342 daAuts
 Ossuary: 318 daAuts
